 Dungeon Crawl Stone Soup version 0.32-a0-779-g362cfcae2a (webtiles) character file.

Game seed: 3933110718739191865

102519 backslashecho the Spry (level 16, -4/136 HPs)
             Began as a Merfolk Gladiator on Mar 19, 2024.
             Was a High Priest of Trog.
             Slain by a skeletal warrior
             ... wielding a +0 flail
              (28 damage)
             ... on level 15 of the Dungeon.
             The game lasted 01:38:52 (26851 turns).

backslashecho the Spry (Merfolk Gladiator)         Turns: 26851, Time: 01:38:52

Health: -4/136     AC: 10    Str: 15    XL:     16   Next: 33%
Magic:  12/16      EV: 32    Int:  8    God:    Trog [*****.]
Gold:   691        SH:  8    Dex: 28    Spells: 15/15 levels left

rFire   . . .        a - +7 double sword of Disorder {flame, rC+}
rCold   + . .        G - +0 buckler of Hedge Wizardry {rPois rC+}
rNeg    . . .        q - +0 ring mail "Nusehib" {rElec Regen+ Dex+3 Stlth-}
rPois   +            c - +0 helmet
rElec   +            X - +0 cloak
rCorr   +            F - +0 pair of gloves {infuse}
SInv    .            j - +0 pair of boots
Will    +++..        V - amulet of faith
Stlth   +            Z - ring "Ujusophe" {rElec rC- rCorr EV+5 Dex+3}
HPRegen 2.22/turn    S - +4 ring of slaying
MPRegen 0.15/turn

%: faith, infuse magic (1 MP)
@: strong-willed, regenerating
A: (nimble swimmer 2), mertail
a: Renounce Religion, Berserk, Trog's Hand, Brothers in Arms


You were on level 15 of the Dungeon.
You worshipped Trog.
Trog was extremely pleased with you.
You visited 4 branches of the dungeon, and saw 23 of its levels.
You also visited: Sewer.

You collected 2712 gold pieces.
You spent 2021 gold pieces at shops.

Inventory:

Hand Weapons
 a - the +7 double sword of Disorder (weapon) {flame, rC+}
   (Trog gifted it to you on level 2 of the Orcish Mines)

   rC+:       It protects you from cold.
Missiles
 l - 56 poisoned darts (quivered)
 Y - 2 throwing nets
Armour
 c - a +0 helmet (worn)
 j - a +0 pair of boots (worn)
 q - the +0 ring mail "Nusehib" (worn) {rElec Regen+ Dex+3 Stlth-}
   (You bought it in a shop on level 2 of the Orcish Mines)

   Dex+3:     It affects your dexterity (+3).
   rElec:     It insulates you from electricity.
   Regen+:    It increases your rate of health regeneration.
   Stlth-:    It makes you less stealthy.
 t - the +7 leather armour of Semi {^Contam Fly MP+9 SInv}
   (You found it on level 13 of the Dungeon)

   MP+9:      It affects your magic capacity (+9).
   SInv:      It lets you see invisible.
   Fly:       It grants you flight.
   ^Contam:   It causes magical contamination when unequipped.
 F - a +0 pair of gloves of infusion (worn)
 G - the +0 buckler of Hedge Wizardry (worn) {rPois rC+}
   (You found it on level 7 of the Dungeon)

   rC+:       It protects you from cold.
   rPois:     It protects you from poison.
 X - a +0 cloak (worn)
Jewellery
 e - the amulet of Suhiamon {Spirit Will+}
   (You took it off a kobold demonologist on level 14 of the Dungeon)

   [amulet of guardian spirit]

   Spirit:    It causes incoming damage to be divided between your reserves of
   health and magic.
   Will+:     It increases your willpower.
 K - a ring of protection from cold
 L - a ring of poison resistance
 S - a +4 ring of slaying (right hand)
 V - an amulet of faith (around neck)
 Z - the ring "Ujusophe" (left hand) {rElec rC- rCorr EV+5 Dex+3}
   (You bought it in a shop on level 2 of the Orcish Mines)

   [ring of evasion]

   EV+5:      It affects your evasion (+5).
   Dex+3:     It affects your dexterity (+3).
   rC-:       It makes you vulnerable to cold.
   rElec:     It insulates you from electricity.
   rCorr:     It protects you from acid and corrosion.
Wands
 g - a wand of light (7)
 o - a wand of flame (57)
 N - a wand of mindburst (5)
 O - a wand of digging (5)
 Q - a wand of warping (23)
Scrolls
 f - a scroll of revelation
 i - 4 scrolls of enchant armour
 k - 3 scrolls of amnesia
 m - 9 scrolls of teleportation
 n - 8 scrolls of fog
 r - a scroll of poison
 s - 4 scrolls of enchant weapon
 w - 5 scrolls of fear
 y - a scroll of acquirement
 B - 3 scrolls of blinking
 D - 2 scrolls of immolation {unknown}
 R - 2 scrolls of butterflies
 T - 3 scrolls of silence
Potions
 h - a potion of magic
 p - 11 potions of curing
 u - a potion of invisibility {unknown}
 v - 4 potions of might
 x - 4 potions of ambrosia
 z - 3 potions of haste
 A - 4 potions of cancellation
 C - a potion of resistance
 H - 4 potions of berserk rage
 I - 2 potions of mutation
 M - 2 potions of enlightenment
 P - 2 potions of heal wounds {unknown}
 W - 2 potions of attraction {unknown}
Miscellaneous
 b - a phantom mirror
 d - a box of beasts
 E - a phial of floods
 U - a lightning rod (4/4)


   Skills:
 + Level 15.1 Fighting
 - Level 16.0 Long Blades
 - Level 6.0 Throwing
 - Level 4.0 Armour
 + Level 19.4 Dodging
 - Level 9.0 Shields
 + Level 11.4 Evocations


You had 15 spell levels left.
You didn't know any spells.
Your spell library was empty.

Dungeon Overview and Level Annotations

Branches:
Dungeon (15/15)            Temple (1/1) D:6            Lair (5/5) D:10
 Shoals (0/4) Lair:2        Snake (0/4) Lair:3        Slime (0/5) Lair:5
    Orc (2/2) D:11            Elf (0/3) Orc:2        Vaults (0/5) D:14
  Sewer (visited)
 Depths: D:15

Altars:
Ashenzari
Cheibriados
Dithmenos
Elyvilon
Fedhas
Gozag
Hepliaklqana
Kikubaaqudgha
Makhleb
Nemelex Xobeh
Okawaru
Qazlal
Ru
Sif Muna
Trog
Uskayaw
Vehumet
Wu Jian
Xom
Yredelemnul
Zin
The Shining One
Beogh
Jiyva
Lugonu

Shops:
D:7 !(   Orc:2 =**[(=

Portals:
Abyss: Lair:5
Trove: D:15 (give 15 potions of curing)

Annotations:
D:3 2 runed translucent doors, avangion's ghost, amateur OnWr
D:4 exclusions: door and upstairs
D:9 3 runed translucent doors, Findleman's ghost, novice MDFi
Lair:4 1 exclusion


Innate Abilities, Weirdness & Mutations

((You are very nimble when in or above water. (Stealth+, EV+, Speed+++)))
Your lower body shifts to a powerful aquatic tail in water.


Message History

The tengu warrior completely misses you.
You regained 2 hp, and now have 62/136 hp.
You barely miss the tengu warrior.
The tengu conjurer mumbles some strange words.
The tengu conjurer conjures a globe of magical energy!
You block the skeletal warrior's attack.
The tengu warrior completely misses you.
The tengu warrior misses you.
The tengu warrior completely misses you.
A battlesphere comes into view.
You slice the tengu warrior!! You burn the tengu warrior.
The tengu warrior is heavily wounded.
A skeletal warrior comes into view. It is wielding a +0 scimitar.
The skeletal warrior barely misses you. The tengu warrior slips past you!
The tengu warrior barely misses you.
The tengu warrior pecks you but does no damage.
You block the tengu warrior's attack.
The battlesphere moves out of view.
You regained 2 hp, and now have 65/136 hp.
You now have 14/16 mp.
You miss the tengu warrior.
The tengu warrior is heavily wounded.
You hit the tengu warrior but do no damage.
The tengu warrior is heavily wounded.
The skeletal warrior hits you from afar with a +0 halberd!
The tengu warrior hits you with a +0 long sword.
The tengu warrior pecks you but does no damage.
You block the tengu warrior's attack.
You take 14 damage, and have 52/136 hp.
You now have 13/16 mp.
You hit the tengu warrior. You burn the tengu warrior.
The tengu warrior is heavily wounded.
You block the tengu conjurer's attack. x2
The tengu conjurer barely misses you. The skeletal warrior barely misses you.
The tengu warrior hits you with a +0 long sword.
The tengu warrior misses you. The tengu warrior barely misses you.
You take 4 damage, and have 48/136 hp.
You slice the tengu conjurer!! You burn the tengu conjurer.
The tengu conjurer is severely wounded.
The tengu conjurer misses you.
The tengu conjurer pecks you but does no damage.
The tengu conjurer misses you.
The skeletal warrior completely misses you.
The tengu warrior completely misses you.
You block the tengu warrior's attack.
The tengu warrior claws you but does no damage.
You now have 12/16 mp.
The tengu conjurer blocks your attack.
The tengu conjurer is severely wounded.
You block the tengu conjurer's attack. The tengu conjurer closely misses you.
The tengu conjurer misses you.
You regained 2 hp, and now have 51/136 hp.
You miss the tengu conjurer.
The tengu conjurer is severely wounded.
The skeletal warrior hits you from afar with a +0 halberd!
The tengu warrior barely misses you.
The tengu warrior completely misses you.
The tengu warrior misses you.
You take 5 damage, and have 46/136 hp.
The tengu conjurer blocks your attack.
The tengu conjurer is severely wounded.
The tengu conjurer completely misses you.
The tengu conjurer misses you. The tengu conjurer closely misses you.
You block the skeletal warrior's attack.
You block the tengu warrior's attack.
The tengu warrior completely misses you.
The tengu warrior claws you.
You take 3 damage, and have 43/136 hp.
The tengu conjurer blocks your attack.
The tengu conjurer is severely wounded.
The tengu conjurer closely misses you. x2
You block the tengu conjurer's attack.
The skeletal warrior completely misses you.
The tengu warrior hits you but does no damage.
You block the tengu warrior's attack. The tengu warrior barely misses you.
You regained 2 hp, and now have 45/136 hp.
You barely miss the tengu conjurer.
The tengu conjurer is severely wounded.
You block the tengu conjurer's attack.
The tengu conjurer completely misses you. x2
You regained 2 hp, and now have 47/136 hp.
You slash the tengu conjurer! You burn the tengu conjurer.
You kill the tengu conjurer!
Trog accepts your kill.
Trog appreciates your killing of a magic user.
The battlesphere dissipates.
The skeletal warrior hits you from afar with a +0 halberd!
* * * LOW HITPOINT WARNING * * *
You block the tengu warrior's attack. x2; The tengu warrior misses you.
You take 16 damage, and have 31/136 hp.
You now have 11/16 mp.
Your ogre goes berserk!
The skeletal warrior hits you from afar with a +0 halberd!
* * * LOW HITPOINT WARNING * * *
The tengu warrior completely misses you.
The tengu warrior pecks you but does no damage.
The tengu warrior misses you.
You take 9 damage, and have 22/136 hp.
As you read the scroll labelled GAXEIG JADIS, it crumbles to dust.
It is a scroll of amnesia.
You feel forgetful for a moment.
The skeletal warrior hits you with a +0 flail!!
You die...

#........##.....##..#
##
.........#..........#
..
#.........+..........+
..
###.##..####.##..##..#
.# ##
#..####.###'##(.##.#
+.....#..#......+
#...<.#.O'......#
#.....#.Q#......#
########@###...## .
##.###z###...###..
......Czz..........
.......○...........
.........(....##...
###...........# ...
#..######...# .. ###
#...# ....#


You could see 3 skeletal warriors, a tengu warrior (ally target), a cyclops and
a friendly ogre (summoned, berserk).

Vanquished Creatures
  Jorgrun (D:14)
  Rupert (Lair:4)
  Kirke (D:14)
  A deep elf sorcerer (D:14)
  An orc warlord (Orc:2)
  Nessos (D:13)
  2 ogre magi
  5 hydras
  A catoblepas (D:14)
  16 two-headed ogres
  8 boulder beetles
  2 tengu warriors (D:13)
  2 orc high priests (Orc:2)
  5 centaur warriors
  A deep troll earth mage (D:14)
  2 thrashing horrors (Lair:5)
  An occultist (D:14)
  A skeletal warrior (D:14)
  A skyshark (Lair:3)
  An arcanist (D:14)
  A deep elf archer (D:14)
  An orc knight (D:14)
  4 deep elf zephyrmancers
  An obsidian bat (Orc:1)
  4 deep elf pyromancers
  3 orc sorcerers (Orc:2)
  14 ugly things
  3 cyclopes
  3 manticores
  An oklob plant (Lair:4)
  3 black mambas
  5 elephants (Lair:3)
  4 kobold blastminers
  A torpor snail (Lair:4)
  4 centaur skeletons (D:14)
  5 cane toads
  A smoke demon (Lair:5)
  2 gargoyles
  8 kobold demonologists
  Jeremiah (D:7)
  Maggie (D:7)
  An efreet (D:13)
  5 komodo dragons
  3 rime drakes
  7 tengu conjurers
  A yaktaur (D:15)
  Psyche (D:12)
  8 trolls
  14 hornets
  A polar bear (Lair:4)
  2 raiju (Lair:5)
  28 blink frogs
  4 dream sheep (Lair:4)
  12 slime creatures
  Sigmund (D:6)
  5 wyverns
  3 vampires
  A ynoxinul (Lair:5)
  A spriggan (shapeshifter) (D:13)
  2 wraiths
  2 shadows
  19 yaks
  A fire bat (D:6)
  2 steam dragons (Lair:2)
  4 wargs (Orc:2)
  6 basilisks
  Menkaure (D:6)
  4 chaos spawn (Lair:5)
  16 water moccasins
  5 acid dragons
  A water moccasin (shapeshifter) (D:15)
  A swamp drake (D:11)
  5 ice beasts (D:10)
  19 orc warriors
  5 black bears
  12 wolves
  5 boggarts (D:15)
  3 sky beasts
  11 ogres
  8 centaurs
  A crocodile (Sewer)
  A phantom (D:6)
  8 kobold brigands
  Blork the orc (D:6)
  20 bullfrogs
  5 small abominations (Lair:5)
  4 scorpions
  4 wights
  9 killer bees
  A howler monkey (D:13)
  An electric eel (D:10)
  2 bombardier beetles
  A crimson imp (D:11)
  A hound (D:6)
  15 orc priests
  2 gnoll boudas
  2 iron imps
  A jelly (D:6)
  An iguana (shapeshifter) (Lair:5)
  Ijyb (D:5)
  5 iguanas
  34 orc wizards
  7 gnolls
  10 adders
  2 river rats
  A shadow imp (D:6)
  2 white imps
  2 ufetubi (D:5)
  2 dart slugs
  8 ribbon worms
  49 orcs
  12 ball pythons
  7 bats
  9 endoplasms
  9 goblins
  5 hobgoblins
  11 jackals
  28 kobolds
  3 quokkas
  A frilled lizard (D:1)
  9 rats
651 creatures vanquished.

Vanquished Creatures (collateral kills)
  Agnes (D:14)
  An orc warlord (Orc:2)
  An ogre mage (Orc:2)
  A large abomination (Lair:5)
  An orc sorcerer (Orc:2)
  4 orc knights (Orc:2)
  3 small abominations (Lair:5)
  2 hogs (D:14)
  6 orc warriors (Orc:2)
  2 ogres (Orc:2)
  2 orc priests (Orc:2)
  An orc (Orc:2)
25 creatures vanquished.

Vanquished Creatures (others)
  3 orc wizards
  A shadow imp (D:11)
  A white imp (D:11)
  3 orcs (D:11)
8 creatures vanquished.

Grand Total: 684 creatures vanquished

Notes
Turn   | Place    | Note
-------+----------+-------------------------------------------
     0 | D:1      | backslashecho the Merfolk Gladiator began the quest for the
                  | Orb.
     0 | D:1      | Reached XP level 1. HP: 16/16 MP: 1/1
   334 | D:1      | Reached XP level 2. HP: 22/23 MP: 2/2
   901 | D:1      | Reached XP level 3. HP: 18/28 MP: 3/3
  1057 | D:2      | Reached XP level 4. HP: 33/35 MP: 4/4
  1157 | D:2      | Reached skill level 5 in Long Blades
  1648 | D:3      | Found a runed translucent door.
  1650 | D:3      | Noticed avangion's ghost (amateur OnWr)
  1687 | D:3      | Found a hide-covered altar of Uskayaw.
  1881 | D:3      | Found a faded altar of an unknown god.
  1921 | D:3      | Identified the +4 leather armour of the Bull {+Blink Int+3}
  1979 | D:3      | Identified the +7 war axe of Gravity {elec, rPois rC+
                  | Int+3}
  2039 | D:3      | Reached skill level 5 in Dodging
  2241 | D:3      | Found a runed translucent door.
  2648 | D:4      | Reached XP level 5. HP: 41/41 MP: 5/5
  2688 | D:4      | Identified the +4 ring mail "Japif" {Int+2 Dex+2}
  2778 | D:4      | Found a glowing drain.
  2814 | Sewer    | Entered a sewer
  2952 | Sewer    | Noticed a crocodile
  3034 | Sewer    | Noticed a kobold brigand
  3045 | Sewer    | Killed a kobold brigand
  3046 | Sewer    | Reached XP level 6. HP: 45/48 MP: 6/6
  3719 | D:4      | Noticed a black bear
  3737 | D:4      | Reached skill level 6 in Dodging
  3737 | D:4      | Reached XP level 7. HP: 42/54 MP: 7/7
  3889 | D:5      | Entered Level 5 of the Dungeon
  4003 | D:5      | Noticed Ijyb
  4027 | D:5      | Killed Ijyb
  4122 | D:5      | Reached skill level 5 in Fighting
  4301 | D:5      | Reached XP level 8. HP: 34/62 MP: 8/8
  4321 | D:5      | Reached skill level 7 in Dodging
  4607 | D:5      | Found a snail-covered altar of Cheibriados.
  4858 | D:6      | Noticed Sigmund
  4883 | D:6      | Killed Sigmund
  4884 | D:6      | Reached skill level 9 in Long Blades
  4884 | D:6      | Reached skill level 1 in Armour
  5012 | D:6      | Noticed Blork the orc
  5018 | D:6      | Killed Blork the orc
  5218 | D:6      | Found a staircase to the Ecumenical Temple.
  5223 | D:6      | Noticed Menkaure
  5225 | D:6      | Reached skill level 8 in Dodging
  5505 | D:6      | Killed Menkaure
  5506 | D:6      | Reached XP level 9. HP: 35/68 MP: 9/9
  5884 | D:6      | Found a shimmering altar of Xom.
  6026 | D:7      | Found Posch's Distillery.
  6080 | Temple   | Entered the Ecumenical Temple
  6106 | Temple   | Became a worshipper of Trog the Wrathful
  6431 | D:7      | Noticed Jeremiah
  6434 | D:7      | Identified the +0 buckler of Hedge Wizardry {rPois rC+}
  6572 | D:7      | Killed Jeremiah
  6573 | D:7      | Reached skill level 9 in Dodging
  6766 | D:7      | Bought a potion of mutation for 128 gold pieces
  6766 | D:7      | Bought a potion of might for 64 gold pieces
  6766 | D:7      | Bought a potion of degeneration for 16 gold pieces
  6766 | D:7      | Bought a potion of curing for 48 gold pieces
  6766 | D:7      | Bought 2 potions of lignification for 96 gold pieces
  6887 | D:7      | Found Cefawk's Antique Weapon Emporium.
  6979 | D:7      | Noticed Maggie
  7364 | D:7      | Identified the +9 rapier of Doruynont {heavy, Int+4}
  7409 | D:7      | Killed Maggie
  7410 | D:7      | Reached skill level 12 in Long Blades
  7615 | D:8      | Noticed a hornet
  7626 | D:8      | Killed a hornet
  7692 | D:7      | Reached XP level 10. HP: 74/74 MP: 10/10
  7766 | D:8      | Reached skill level 10 in Dodging
  7853 | D:8      | HP: 3/74 [orc warrior/+2 battleaxe of electrocution (20)]
  8241 | D:8      | Reached skill level 1 in Shields
  8321 | D:8      | Reached * piety under Trog
  8452 | D:8      | Found a burning altar of Makhleb.
  9332 | D:9      | Noticed a two-headed ogre
  9355 | D:9      | Killed a two-headed ogre
  9474 | D:9      | Reached ** piety under Trog
  9537 | D:9      | Reached skill level 11 in Dodging
  9724 | D:9      | Found a runed translucent gate.
  9728 | D:9      | Found a runed translucent gate.
  9728 | D:9      | Found a runed translucent gate.
  9729 | D:9      | Noticed Findleman's ghost (novice MDFi)
  9745 | D:9      | Noticed a two-headed ogre
  9753 | D:9      | Killed a two-headed ogre
  9874 | D:9      | Found a stormy altar of Qazlal.
  9875 | D:9      | Found a hazy altar of Hepliaklqana.
 10026 | D:10     | Entered Level 10 of the Dungeon
 10095 | D:10     | Noticed a two-headed ogre
 10113 | D:10     | Killed a two-headed ogre
 10114 | D:10     | Reached XP level 11. HP: 73/79 MP: 11/11
 10458 | D:10     | Reached skill level 12 in Dodging
 10458 | D:10     | Reached skill level 5 in Shields
 10618 | D:10     | Reached skill level 15 in Long Blades
 10777 | D:10     | Reached *** piety under Trog
 11160 | D:10     | Found a staircase to the Lair.
 11426 | Lair:1   | Entered Level 1 of the Lair of Beasts
 12014 | Lair:1   | Reached XP level 12. HP: 86/86 MP: 12/12
 12682 | Lair:2   | Found a staircase to the Shoals.
 12710 | Lair:2   | Reached skill level 5 in Throwing
 12753 | Lair:2   | Reached **** piety under Trog
 13005 | Lair:2   | Noticed a six-headed hydra
 13046 | Lair:2   | Killed a six-headed hydra
 13543 | Lair:3   | Noticed a skyshark
 13555 | Lair:3   | Killed a skyshark
 14079 | Lair:3   | Found a staircase to the Snake Pit.
 14170 | Lair:3   | Noticed an eight-headed hydra
 14184 | Lair:3   | Killed an eight-headed hydra
 14395 | Lair:3   | Reached skill level 13 in Dodging
 14693 | Lair:4   | Noticed a six-headed hydra
 14694 | Lair:4   | Noticed a boulder beetle
 14711 | Lair:3   | Reached XP level 13. HP: 84/99 MP: 13/13
 14862 | Lair:4   | Noticed Rupert
 14862 | Lair:4   | Paralysed by Rupert for 3 turns
 14952 | Lair:4   | Reached skill level 9 in Shields
 14987 | Lair:4   | Reached skill level 9 in Fighting
 15163 | Lair:4   | Killed Rupert
 15164 | Lair:4   | Reached skill level 1 in Evocations
 15480 | Lair:4   | Reached skill level 14 in Dodging
 15576 | Lair:4   | Identified the +0 robe of Gaebuc {rC+ rCorr Stlth+}
 16052 | Lair:5   | Entered Level 5 of the Lair of Beasts
 16144 | Lair:5   | Found a viscous altar of Jiyva.
 16144 | Lair:5   | Found a staircase to the Slime Pits.
 16303 | Lair:5   | Reached ***** piety under Trog
 17656 | Lair:5   | Reached skill level 5 in Evocations
 17691 | Lair:5   | Reached skill level 15 in Dodging
 17733 | Lair:5   | Reached XP level 14. HP: 64/111 MP: 14/14
 18054 | Lair:5   | Found a corrupted altar of Lugonu.
 18054 | Lair:5   | Found a one-way gate to the infinite horrors of the Abyss.
 18355 | D:11     | Found a staircase to the Orcish Mines.
 18969 | Orc:1    | Entered Level 1 of the Orcish Mines
 19100 | Orc:1    | Noticed Erica
 19270 | D:11     | Erica changed into Erica the cyclops
 19270 | D:11     | Noticed Erica
 19274 | D:11     | Killed Erica the cyclops
 19302 | Orc:1    | You fall into a shaft and drop 1 floor!
 19302 | Orc:2    | Entered Level 2 of the Orcish Mines
 19303 | Orc:2    | Found a roughly hewn altar of Beogh.
 19638 | Orc:2    | Noticed an orc warlord
 19674 | Orc:2    | Killed an orc warlord
 19739 | Orc:2    | Identified the +8 glaive of Huqon {flame, rElec Dex+3}
                  | (Trog gifted it to you on level 2 of the Orcish Mines)
 19739 | Orc:2    | Received a gift from Trog
 19894 | Orc:2    | Reached skill level 16 in Dodging
 20497 | Orc:2    | Noticed an orc warlord
 20524 | Orc:2    | Killed an orc warlord
 20525 | Orc:2    | Reached skill level 12 in Fighting
 20800 | Orc:2    | Found a roughly hewn altar of Beogh.
 20992 | Orc:2    | Found Qecuy's Jewellery Shoppe.
 21000 | Orc:2    | Found Zavvalax's General Store.
 21098 | Orc:2    | Found a staircase to the Elven Halls.
 21156 | Orc:2    | Found Deudusue's General Store.
 21159 | Orc:2    | Found Hupol's Jewellery Shop.
 21216 | Orc:2    | Identified the +7 double sword of Disorder {flame, rC+}
                  | (Trog gifted it to you on level 2 of the Orcish Mines)
 21216 | Orc:2    | Received a gift from Trog
 21319 | Orc:2    | Found Lainosugai's Antique Weapon Shoppe.
 21333 | Orc:2    | Found Cacideph's Antique Armour Shoppe.
 21341 | Orc:2    | Bought a pair of glowing gloves for 165 gold pieces
 21370 | Orc:2    | Bought a scroll of identify for 24 gold pieces
 21370 | Orc:2    | Bought a scroll of butterflies for 48 gold pieces
 21370 | Orc:2    | Bought 2 throwing nets for 72 gold pieces
 21370 | Orc:2    | Bought a scroll of identify for 24 gold pieces
 21401 | Orc:2    | Bought the ring "Ujusophe" {rElec rC- rCorr EV+5 Dex+3} for
                  | 658 gold pieces
 21417 | Orc:2    | Bought a phial of floods for 480 gold pieces
 21499 | Orc:2    | Bought a scorched ring mail for 198 gold pieces
 21499 | Orc:2    | Identified the +0 ring mail "Nusehib" {rElec Regen+ Dex+3
                  | Stlth-} (You bought it in a shop on level 2 of the Orcish
                  | Mines)
 21904 | D:12     | Reached skill level 17 in Dodging
 21989 | D:12     | Noticed Psyche
 21996 | D:12     | Killed Psyche
 22388 | D:12     | Reached XP level 15. HP: 122/122 MP: 12/15
 22803 | D:13     | Found an iron altar of Okawaru.
 22804 | D:13     | Noticed Nessos
 22823 | D:13     | Killed Nessos
 23190 | D:13     | Identified the +7 leather armour of Semi {^Contam Fly MP+9
                  | SInv}
 23391 | D:13     | Reached skill level 9 in Evocations
 23889 | D:13     | Received a gift from Trog
 24213 | D:12     | Reached skill level 18 in Dodging
 24661 | D:14     | Found a glowing golden altar of the Shining One.
 24662 | D:14     | Noticed Kirke
 24680 | D:14     | Noticed Agnes
 24687 | D:14     | Killed Agnes
 24721 | D:14     | Killed Kirke
 25030 | D:14     | Received a gift from Trog
 25153 | D:14     | Noticed Jorgrun
 25160 | D:14     | Killed Jorgrun
 25331 | D:14     | Identified the +0 plate armour of the Fiend {rF+ Int+4}
 25514 | D:14     | Found a shimmering blue altar of Sif Muna.
 25537 | D:14     | Reached XP level 16. HP: 115/134 MP: 12/16
 25619 | D:14     | Reached skill level 19 in Dodging
 25793 | D:14     | Identified the amulet of Suhiamon {Spirit Will+}
 25915 | D:14     | Found a gate to the Vaults.
 26028 | D:14     | Identified the ring of Moderation {Str+6 Stlth+}
 26458 | D:15     | Entered Level 15 of the Dungeon
 26464 | D:15     | Found a portal to a secret trove of treasure.
 26640 | D:15     | Found a shimmering blue altar of Sif Muna.
 26667 | D:15     | Identified a scroll of acquirement
 26684 | D:15     | Reached skill level 15 in Fighting
 26851 | D:15     | Slain by a skeletal warrior

Illustrated notes

Levels and vault maps discovered:
D:1:      psy_arrival_radial01, layout_loops_ring
D:2:      layout_basic, minmay_misc_feat_rows, minmay_misc_feat_plants
D:3:      layout_basic, nicolae_overflow_crystal_walls,
          hellmonk_ecumenical_altar_heavens_door, ebering_ghost_sewer_f,
          minmay_misc_feat_room
D:4:      minmay_chambers_of_twos, layout_basic, portal_sewer_entry_b
D:5:      layout_rooms, mainiacjoe_overflow_paths, uniq_ijyb
D:6:      layout_loops_ring, regret_index_xom_of_box,
          minmay_temple_entry_junction, uniq_blork_the_orc, uniq_menkaure,
          uniq_sigmund
D:7:      layout_basic, serial_shops, nicolae_shop_statue_plus,
          nicolae_stop_n_shop_2, uniq_maggie, uniq_jeremiah
D:8:      old_forge, layout_rooms, demons_altar
D:9:      layout_cave_pools, gammafunk_temple_overflow_pools,
          ebering_ghost_rock_garden
D:10:     layout_small_grid, hellmonk_lair_entry_icy, kennysheep_dice
D:11:     layout_cross, orc_0_dummy, hangedman_minor_magic
D:12:     layout_basic, minmay_misc_feat_tiny, hive_lemuel, uniq_psyche
D:13:     minmay_bubble_buster, layout_irregular_city,
          okawaru_ov_weapons_minmay, uniq_nessos
D:14:     evilmike_library_of_no_secrets, layout_loops_ring,
          hangedman_vaults_entry_quadrant_bands, tso_metal_star, uniq_agnes,
          uniq_jorgrun, uniq_kirke
D:15:     grunt_enter_depths_giant_problem, layout_gridville,
          lemuel_blue_sif_altar, enter_trove_0, lemuel_flamethrower_2
Temple:   kb_temple_of_zot
Lair:1:   layout_chaotic_city, wad_woods_river_04, beast_lair_carwin_11
Lair:2:   layout_gridlike, elwin_shoals_entry_rocks, grunt_megastairs_4
Lair:3:   layout_regular_city, dummy_snake_entry
Lair:4:   layout_cave_shapes, grunt_forest_large_clearings, lemuel_fruit_tree,
          uniq_rupert
Lair:5:   hellmonk_lair_end_abyssal_woods, layout_regular_city, slime_entry_1,
          grunt_megastairs_5
Orc:1:    layout_caves, uniq_erica
Orc:2:    grunt_orc_cross, layout_caves, basic_altar, guppyfry_orc_lava_fort

Skill      XL: |  1  2  3  4  5  6  7  8  9 10 11 12 13 14 15 16 |
---------------+-------------------------------------------------+-----
Long Blades    | 4 5 6 7 8 10 12 14 16 | 16.0
Fighting       | 3 4 5 8 10 12 14 15 | 15.1
Dodging        | 5 6 8 9 11 12 13 15 17 18 19 | 19.4
Armour         | 2 3 4 |  4.0
Shields        | 4 6 8 9 |  9.0
Throwing       | 4 6 |  6.0
Evocations     | 5 8 10 11 | 11.4

Action                     |  1- 3 |  4- 6 |  7- 9 | 10-12 | 13-15 | 16-18 || total
---------------------------+-------+-------+-------+-------+-------+-------++-------
  Melee: Long sword        |    57 |   171 |   134 |       |       |       ||   362
         Tailslap          |       |     7 |       |     7 |       |       ||    14
         Scimitar          |       |       |   126 |   789 |   805 |       ||  1720
         Rapier            |       |       |       |     9 |     5 |       ||    14
         Double sword      |       |       |       |       |   315 |   104 ||   419
  Throw: Boomerang         |     6 |       |       |       |       |       ||     6
         Javelin           |     1 |       |       |       |       |       ||     1
         Dart              |       |    13 |    70 |    49 |    37 |       ||   169
         Throwing net      |       |       |     2 |     1 |     1 |       ||     4
 Invoke: Berserk           |       |       |       |     6 |     3 |       ||     9
         Trog's Hand       |       |       |       |       |    12 |     3 ||    15
         Brothers in Arms  |       |       |       |       |     5 |     1 ||     6
  Evoke: Wand              |       |     3 |    34 |     8 |    12 |       ||    57
         Lightning rod     |       |       |       |       |     1 |       ||     1
         Box of beasts     |       |       |       |       |     1 |       ||     1
    Use: Scroll            |       |     5 |     1 |     4 |    13 |     1 ||    24
         Potion            |       |       |     1 |     3 |     3 |       ||     7
   Stab: Invisible         |       |       |     2 |     2 |     5 |       ||     9
         Held in net/web   |       |       |       |     1 |       |       ||     1
         Distracted        |       |       |       |       |     1 |       ||     1
         Sleeping          |       |       |       |       |     1 |       ||     1
 Armour: Leather armour    |    31 |    44 |       |       |       |       ||    75
         Ring mail         |       |    73 |   136 |   310 |   313 |    36 ||   868
         Acid dragon scale |       |       |       |     1 |     3 |       ||     4
         Skin              |       |       |       |    43 |       |       ||    43
  Dodge: Dodged            |    53 |   148 |   192 |   531 |   716 |   116 ||  1756
  Block: Buckler           |       |       |    11 |   247 |   295 |    46 ||   599

Table legend: (Time is in decaauts)
 A = Elapsed time spent in this place.
 B = Non-inter-level travel time spent in this place.
 C = Inter-level travel time spent in this place.
 D = Time resting spent in this place.
 E = Time spent auto-exploring this place.
 F = Levels seen in this place.
 G = Mean time per level.
                   A        B        C        D        E       F      G
               +--------+--------+--------+--------+--------+-----+--------+
         Total |  26369 |  24207 |   2162 |   3303 |  13664 |  24 | 1098.7 |
       Dungeon |  16944 |  15428 |   1516 |   1912 |   9211 |  15 | 1129.6 |
        Temple |     52 |      2 |     50 |      0 |      0 |   1 |   52.0 |
          Lair |   6617 |   6263 |    354 |   1034 |   3340 |   5 | 1323.4 |
  Orcish Mines |   2451 |   2210 |    241 |    284 |   1053 |   2 | 1225.5 |
         Sewer |    303 |    303 |      0 |     71 |     59 |   1 |  303.0 |
               +--------+--------+--------+--------+--------+-----+--------+

Top non-repeatable levels by time:
  Lair:5: 2003 daAuts
    D:14: 1922 daAuts
   Orc:2: 1731 daAuts
     D:7: 1644 daAuts
    D:13: 1588 daAuts
     D:6: 1499 daAuts
  Lair:4: 1254 daAuts
    D:10: 1232 daAuts
  Lair:3: 1216 daAuts
     D:9: 1211 daAuts
  Lair:1: 1206 daAuts
    D:12: 1119 daAuts
     D:3: 1107 daAuts
     D:4: 989 daAuts
     D:1: 967 daAuts
